[Event "*** Titled Tuesday Blitz"]
[Site "Chess.com"]
[Date "2020.04.07"]
[Round "5"]
[White "Angel_Hranitel_37"]
[Black "josiwales"]
[Result "1-0"]
[WhiteElo "2352"]
[BlackElo "2510"]
[TimeControl "180+1"]
[EndTime "13:57:36 PDT"]
[Termination "Angel_Hranitel_37 won on time"]

1. d4 d5 2. c4 c6 3. cxd5 cxd5 4. Bg5 Nc6 5. Nc3 Nf6 6. Bxf6 exf6 7. e3 Bb4 8. Qb3 Be6 9. Ne2 O-O 10. g3 Qd7 11.
Bg2 Rac8 12. O-O Bd6 13. Bxd5 Bh3 14. Bg2 Na5 15. Qb5 Nc4 16. Qxd7 Bxd7 17. b3 Na3 18.
Bxb7 Rc7 19. Be4 Rfc8 20. Nd5 Bc6 21. Rac1 Bxd5 22. Bxd5 Rc2 23. Be4 R2c7 24. Rxc7 Rxc7 25. Rc1 g6 26. Bd3 f5 27. Rxc7 Bxc7 28. Nc3 Kf8 29. Kf1 Ba5 30. Nd5 Ke8 31. Ke2 Kd7 32. Nf6+ Ke6 33.
Nxh7 Bd8 34. h4 f6 35. h5 gxh5 36. Kd1 Be7 37. Kc1 Bd6 38. Kb2 a6 39. Bxa6 Kf7 40.
Be2 Kg6 41. Nxf6 Kxf6 42. Bxh5 Nb5 43. Be2 Ba3+ 44. Kc2 Nd6 45. Bd3 Ke6 46. f3 Kd5 47. g4 fxg4 48. fxg4 Nf7 49. Bf5 Ng5 50. Kc3 Bc1 51. e4+ Kd6 52. b4 Be3 53. a4 Nf3 54. Kc4 Bxd4 55. b5 Bb6 56. Kb4 Ne5 57. a5 Bc5+ 58.
Ka4 Nc4 59. g5 Ne5 60. g6 Bd4 61. b6 Nc6 62. Kb5 1-0

[Event "*** Titled Tuesday Blitz"]
[Site "Chess.com"]
[Date "2020.04.07"]
[Round "5"]
[White "skoularikii"]
[Black "BvsN"]
[Result "0-1"]
[WhiteElo "2471"]
[BlackElo "2312"]
[TimeControl "180+1"]
[EndTime "13:57:36 PDT"]
[Termination "BvsN won by resignation"]

1. e4 c5 2. Nf3 e6 3. c3 Nf6 4.
Bd3 d5 5. e5 Nfd7 6. Bc2 c4 7.
O-O Nc6 8. Re1 Qc7 9. Qe2 g5 10. Nxg5 Ndxe5 11. d4 cxd3 12. Bxd3 Bd6 13. Bc2 Bd7 14.
Qh5 O-O-O 15. Na3 Bxa3 16. bxa3 f6 17. Nf7 Be8 18. Qh6 Qxf7 19. f4 Nc4 20. Qh3 f5 21.
Be3 Rg8 22. Bf2 Qg6 23. Rxe6 Qf7 24. Rh6 Rg7 25. Re1 Bd7 26. Bh4 Re8 27. Rf1 Re3 28.
Bg3 Rxc3 29. Bb3 Nd4 30. Qh4 Nxb3 31. axb3 Rxb3 32. Rf6 Qe7 33. Qh6 Re3 34. Bf2 Re2 35. h3 Rg8 36. Qh4 Qe4 37. g4 Ne3 38. Qg3 fxg4 39.
Bxe3 Qxe3+ 40. Qxe3 Rxe3 41. Kf2 Rxh3 42. Rg1 Rh2+ 43. Kg3 Rh3+ 44. Kf2 Rf3+ 45. Ke2 Rxa3 46. Kd2 Re8 47. Kc2 Rf3 48. Kb2 Bc6 49. Ka1 Re2 50. f5 Rff2 51. Rf8+ Kc7 52. Rf7+ Kd6 53. f6 g3 54. Rg7 g2 55. R7xg2 Rxg2 56. Rf1 Rgf2 0-1

[Event "*** Titled Tuesday Blitz"]
[Site "Chess.com"]
[Date "2020.04.07"]
[Round "5"]
[White "keepitcoming"]
[Black "norwaytoadog"]
[Result "1/2-1/2"]
[WhiteElo "2513"]
[BlackElo "2283"]
[TimeControl "180+1"]
[EndTime "13:57:36 PDT"]
[Termination "Game drawn by repetition"]

1. d4 Nf6 2. c4 e6 3. Nc3 Bb4 4. e3 O-O 5. Ne2 Re8 6. a3 Bf8 7. Ng3 d5 8. Be2 a5 9. h4 b6 10. h5 h6 11. O-O c5 12. Bf3 Bb7 13. cxd5 exd5 14. Nf5 Qd7 15. g4 Nxh5 16. Nxh6+ gxh6 17. gxh5 Bd6 18. Bg2 c4 19. Kh1 Qe7 20. Qf3 Qh4+ 21. Qh3 Qxh3+ 22. Bxh3 Bc6 23. Rg1+ Kh8 24. Bg2 b5 25.
Bxd5 Bxd5+ 26. Nxd5 Nd7 27. Bd2 Ra6 28. Nc3 Rb6 29. e4 b4 30. Nd5 Rb7 31. e5 Bf8 32. axb4 axb4 33. Rac1 c3 34. bxc3 b3 35. Rb1 b2 36. f4 Reb8 37. Rg2 Nb6 38. Ne3 Na4 39. f5 Rb3 40. Nd5 Ra3 41. Kh2 Ra1 42. Rgg1 Rxb1 43. Rxb1 Rb5 44. Ne3 Rb3 45. Nd5 Ra3 46. c4 Ra1 47.
Rxb2 Nxb2 48. e6 fxe6 49. fxe6 Ra7 50. c5 Nc4 51. Bf4 Na5 52. Bd6 Bxd6+ 53. cxd6 Nc6 54.
e7 Ra8 55. Nf6 Kg7 56. e8=Q Rxe8 57. Nxe8+ Kf7 58. Nc7 Nxd4 59. Kg3 Nf5+ 60. Kg4 Nxd6 61. Nd5 Ke6 62. Nf4+ Kf6 63. Nd5+ Ke6 64. Ne3 Kf6 65. Nd5+ Ke6 1/2-1/2

[Event "*** Titled Tuesday Blitz"]
[Site "Chess.com"]
[Date "2020.04.07"]
[Round "5"]
[White "isla88"]
[Black "kayrakamer"]
[Result "0-1"]
[WhiteElo "2276"]
[BlackElo "2479"]
[TimeControl "180+1"]
[EndTime "13:57:38 PDT"]
[Termination "kayrakamer won on time"]

1. c4 Nf6 2. Nc3 g6 3. e4 d6 4. d4 Bg7 5. h3 O-O 6. Be3 c5 7. Nf3 Qa5 8. Qd2 a6 9. Be2 cxd4 10. Nxd4 Nc6 11. Rd1 Nxd4 12. Bxd4 Be6 13. b3 Rfc8 14. O-O b5 15. cxb5 axb5 16. Nxb5 Qxa2 17. Qxa2 Rxa2 18. Bf3 Bxb3 19. Rc1 Rb8 20. Nc3 Ra6 21. Rb1 Nd7 22.
Bxg7 Kxg7 23. Rb2 Bc4 24. Rxb8 Nxb8 25. Rb1 Nc6 26. Rb7 Kf6 27. g4 g5 28. Be2 Bxe2 29.
Nxe2 Ra3 30. Kg2 Ne5 31. Ng3 e6 32. Nh5+ Kg6 33. Rb8 Nf3 34. Rg8+ Kh6 35. Rf8 Nh4+ 36. Kh2 Rf3 37. Kg1 Kg6 38. Rg8+ Kh6 39. Rf8 Ng6 40. Rh8 Ne5 41. Rg8 d5 42. exd5 exd5 43. Rd8 Rd3 44.
Rd6+ Ng6 45. Ng3 Rxg3+ 46. fxg3 Kg7 47. Rxd5 h6 48. Kf2 Ne7 49. Rd6 Nc8 50. Rd7 Nb6 51.
Rb7 Nd5 52. Kf3 Nf6 53. Ke3 Nd5+ 54. Kd4 Nf6 55. Ke5 Ng8 56. Rc7 Kg6 57. Rc6+ Kg7 58.
Rd6 Ne7 59. Rd7 Ng6+ 60. Kf5 Nf8 61. Re7 Ng6 62. Ra7 Nf8 63. h4 gxh4 64. gxh4 Ng6 65.
h5 Nh4+ 0-1

[Event "*** Titled Tuesday Blitz"]
[Site "Chess.com"]
[Date "2020.04.07"]
[Round "5"]
[White "LyonBeast"]
[Black "VerdeNotte"]
[Result "1-0"]
[WhiteElo "3003"]
[BlackElo "2742"]
[TimeControl "180+1"]
[EndTime "13:57:39 PDT"]
[Termination "LyonBeast won by resignation"]

1. b3 e5 2. Bb2 Nc6 3. e3 d5 4. Bb5 Ne7 5. Nf3 e4 6. Ne5 a6 7. Bxc6+ Nxc6 8. Nxc6 bxc6 9. O-O Bd6 10. Qh5 O-O 11. Nc3 Qd7 12. f3 exf3 13. Qxf3 Qg4 14.
Ne2 Qg6 15. Nd4 Bg4 16. Qf2 Rae8 17. Nf5 Be5 18. Bxe5 Rxe5 19. Nd4 c5 20. Qg3 Rfe8 21. Rf4 Bh5 22. Qxg6 Bxg6 23. Nf3 Re4 24. Kf2 Rxf4 25. exf4 f6 26. d3 Bh5 27. Re1 Kf7 28. Rxe8 Kxe8 29. Nd2 Bd1 30. c3 Kd7 31. Ke3 Kd6 32. Nf1 a5 33.
Kd2 Bg4 34. Ne3 Bd7 35. d4 g6 36. a3 Bb5 37. b4 axb4 38. axb4 cxd4 39. cxd4 Kc6 40.
f5 gxf5 41. Nxf5 Bf1 42. Ne3 Ba6 43. Ng4 f5 44. Nf6 h6 45. g3 Kd6 46. Ng8 Ke6 47.
Nxh6 Bc8 48. Ke3 Kf6 49. g4 Kg5 50. Nxf5 Kxg4 51. Ng7 Kh3 52. Kf4 Kxh2 53. Ke5 Bb7 54. Ne6 c6 55. Nd8 Ba8 56. Kd6 Kg3 57. Nxc6 Kf4 58. Kxd5 Ke3 59. b5 Kd3 60. Kc5 Ke4 61. d5 Kf5 62. b6 Kf6 63. d6 Ke6 64. b7 Bxb7 65. Nd8+ Kd7 66. Nxb7 Kc8 67. Kc6 1-0

[Event "*** Titled Tuesday Blitz"]
[Site "Chess.com"]
[Date "2020.04.07"]
[Round "5"]
[White "nomessi"]
[Black "Kiborg95"]
[Result "0-1"]
[WhiteElo "2337"]
[BlackElo "2680"]
[TimeControl "180+1"]
[EndTime "13:57:39 PDT"]
[Termination "Kiborg95 won by resignation"]

1. e4 d6 2. d4 g6 3. Nc3 a6 4. Nf3 Nd7 5. Bc4 e6 6. Qe2 Ne7 7. Bb3 Bg7 8. h4 h5 9. Bg5 b5 10. O-O-O Bb7 11. a3 Qc8 12. Kb1 Nf6 13. e5 Nfd5 14.
Nxd5 Nxd5 15. exd6 cxd6 16. Nd2 Nb6 17. Ne4 Bxe4 18.
Qxe4 d5 19. Qf4 Nc4 20. Bf6 Bh6 21. Qf3 Rg8 22. Qe2 a5 23. a4 Qb7 24. Ka2 Rb8 25.
Be5 Rc8 26. c3 Qc6 27. axb5 Qxb5 28. Qc2 Nb6 29. Ka1 Ke7 30. Rhe1 Rgd8 31. f3 a4 32.
Ba2 a3 33. bxa3 Qa5 34. Rd3 Rc6 35. Qb2 Rd7 36. Rb1 Na4 37. Qb4+ Qxb4 38. cxb4 Ra7 39.
Bb3 Nc3 40. Rxc3 Rxc3 41. Kb2 Rc8 42. a4 Bd2 43. b5 f6 44. Bg3 Bc3+ 45. Ka3 Bxd4 46.
Be1 Bc5+ 47. Bb4 Kd6 48. b6 Ra6 49. a5 Rxa5+ 50. Ba4 Rca8 51. Bxc5+ Kxc5 52. b7 Rxa4+ 53. Kb2 Rb8 0-1

[Event "*** Titled Tuesday Blitz"]
[Site "Chess.com"]
[Date "2020.04.07"]
[Round "5"]
[White "sergiochess83"]
[Black "swayamsm"]
[Result "1-0"]
[WhiteElo "2828"]
[BlackElo "2583"]
[TimeControl "180+1"]
[EndTime "13:57:40 PDT"]
[Termination "sergiochess83 won by resignation"]

1. e4 e6 2. d4 d5 3. Nc3 Nf6 4. e5 Nfd7 5. f4 c5 6. Nf3 Nc6 7. Be3 Be7 8. Qd2 O-O 9. dxc5 Nxc5 10. O-O-O a6 11. Qf2 b6 12. Nd4 Qc7 13. h4 f6 14.
exf6 Bxf6 15. g3 Nxd4 16. Bxd4 Bb7 17. Bg2 Rac8 18. Rhe1 b5 19. Bxc5 Qxc5 20. Qxc5 Rxc5 21. Rxe6 Bxc3 22. bxc3 Rxc3 23. Rd3 Rc5 24. Rb6 Rfc8 25.
Rd2 R8c7 26. Rxb7 Rxb7 27. Bxd5+ Rxd5 28. Rxd5 Rb6 29. h5 Kf7 30. Kd2 Ke6 31. Re5+ Kf6 32. g4 h6 33. Rc5 Rd6+ 34. Ke3 Re6+ 35. Kf3 Rd6 36. Ke4 Re6+ 37. Kd4 Rd6+ 38. Ke4 Re6+ 39. Kf3 Rd6 40. g5+ hxg5 41. fxg5+ Kf7 42. Rc7+ Kf8 43.
Ke4 Rd2 44. Kf5 Rd5+ 45. Kg6 a5 46. Rc8+ Ke7 47. Ra8 b4 48. Ra7+ Kf8 49. Rf7+ Ke8 50. Rxg7 Rc5 51. Ra7 Rc6+ 52. Kf5 Rxc2 53. h6 Rf2+ 54. Kg6 Rxa2 55. h7 Rh2 56. Rxa5 Ke7 57. Rb5 Rh4 58. Rxb4 Rxb4 59. h8=Q Rb6+ 60. Kh5 Re6 61.
Qg7+ Ke8 62. g6 Re7 63. Qg8+ Kd7 64. Qd5+ Ke8 65. Kh6 Kf8 66. Qd8+ Re8 67. Qf6+ 1-0

[Event "*** Titled Tuesday Blitz"]
[Site "Chess.com"]
[Date "2020.04.07"]
[Round "5"]
[White "Gordima"]
[Black "GMBenjaminFinegold"]
[Result "1-0"]
[WhiteElo "2796"]
[BlackElo "2561"]
[TimeControl "180+1"]
[EndTime "13:57:40 PDT"]
[Termination "Gordima won by checkmate"]

1. c4 b6 2. Nc3 Bb7 3. e4 e6 4. g3 Bb4 5. Bg2 f5 6. Nge2 Nf6 7.
d3 fxe4 8. O-O Nc6 9. dxe4 O-O 10. h3 Rb8 11. Be3 Ne5 12. b3 Bc5 13. Bxc5 bxc5 14. f4 Nc6 15. e5 Ne8 16. Qd2 Qe7 17. Rad1 d6 18. exd6 Nxd6 19. g4 Rbd8 20. Qe3 Nd4 21. Nxd4 cxd4 22. Rxd4 Bxg2 23. Kxg2 Nf7 24. Re4 Qb4 25.
Rxe6 a5 26. Nd5 Qa3 27. Rf2 a4 28. f5 axb3 29. axb3 Qa8 30. Rf3 Rxd5 31. cxd5 Qxd5 32. Kg3 h5 33. Qf4 Nd6 34. Rfe3 Qd1 35. Qf2 Qh1 36. Qg2 h4+ 37. Kf3 Qd1+ 38. Qe2 Qh1+ 39. Kf4 Qd5 40. R6e5 Qd4+ 41. Kg5 Nf7+ 42. Kxh4 Qf4 43.
R3e4 Qg5+ 44. Kg3 Nxe5 45. Rxe5 Qc1 46. Qc4+ Qxc4 47. bxc4 Rd8 48. Rc5 Rd7 49. Kf4 Kf7 50. Kg5 Kf8 51. h4 Kf7 52. h5 Kf8 53. Rc6 Kf7 54. h6 gxh6+ 55. Kxh6 Rd4 56. Rxc7+ Kf6 57. Rc6+ Kf7 58. Kg5 Ke7 59. Rc7+ Kf8 60. Kf6 Ke8 61. g5 Rd6+ 62. Ke5 Rd1 63. g6 Kf8 64. Kf6 Ke8 65.
Rc8+ Kd7 66. Rc5 Rd6+ 67. Kg7 Ra6 68. f6 Kd6 69. Rd5+ Ke6 70. f7 Ra7 71. Kg8 Rb7 72. Rd1 Kf6 73. f8=Q+ Kxg6 74. Rg1+ Kh5 75. Qf5+ Kh6 76.
Qg6# 1-0

[Event "*** Titled Tuesday Blitz"]
[Site "Chess.com"]
[Date "2020.04.07"]
[Round "5"]
[White "DerKnipser"]
[Black "UCantHandleDenker"]
[Result "1/2-1/2"]
[WhiteElo "2319"]
[BlackElo "2494"]
[TimeControl "180+1"]
[EndTime "13:57:40 PDT"]
[Termination "Game drawn by repetition"]

1. e4 c5 2. d4 cxd4 3. c3 Nf6 4. e5 Nd5 5. Nf3 Nc6 6. Nxd4 g6 7. c4 Nc7 8. f4 Bg7 9. Nf3 O-O 10. Nc3 d6 11. exd6 exd6 12. Be2 Ne6 13. O-O Ned4 14. Nxd4 Nxd4 15.
Bf3 Nxf3+ 16. Qxf3 Be6 17. Nd5 Bxd5 18. Qxd5 Rc8 19.
Rd1 Rc5 20. Qxd6 Qxd6 21. Rxd6 Rxc4 22. Be3 Re8 23. Bxa7 Bxb2 24. Rad1 Ra4 25. Bd4 Bxd4+ 26. R6xd4 Rxa2 27. Rd8 Rxd8 28. Rxd8+ Kg7 29. Rb8 Rb2 30. h3 h5 31. Kh2 h4 32. Kg1 b5 33. Kf1 b4 34. Rb5 Kf6 35. Kg1 b3 36. Kf1 Ke6 37.
Kg1 Kd6 38. f5 gxf5 39. Rxf5 Rb1+ 40. Kf2 b2 41. Rb5 Kc6 42. Rb8 Kc5 43. Rc8+ Kd4 44. Rd8+ Ke4 45. Re8+ Kf4 46. Rb8 f5 47. Rb4+ Ke5 48. Rb8 f4 49. Re8+ Kd4 50. Rb8 f3 51. Rd8+ Ke5 52. Re8+ Kf6 53. Rf8+ Ke7 54. Rb8 fxg2 55.
Kxg2 Kd6 56. Kh2 Kc5 57. Kg2 Kd4 58. Rd8+ Ke5 59. Re8+ Kd6 60. Rb8 Kc6 61. Rb3 Kc5 62.
Rb8 Kd4 63. Rd8+ Kc3 64. Rc8+ Kd2 65. Rd8+ Ke3 66. Re8+ Kd4 67. Rd8+ 1/2-1/2

[Event "*** Titled Tuesday Blitz"]
[Site "Chess.com"]
[Date "2020.04.07"]
[Round "5"]
[White "RojonR"]
[Black "Colombiano07"]
[Result "1-0"]
[WhiteElo "2398"]
[BlackElo "2241"]
[TimeControl "180+1"]
[EndTime "13:57:43 PDT"]
[Termination "RojonR won by resignation"]

1. e4 c5 2. Nf3 Nc6 3. d4 cxd4 4. Nxd4 Nf6 5. Nc3 g6 6. Bc4 Bg7 7. Be3 O-O 8. Nxc6 bxc6 9. O-O Nxe4 10. Nxe4 d5 11.
Bd3 dxe4 12. Bxe4 Bxb2 13. Rb1 Rb8 14. Bd4 Bxd4 15. Rxb8 c5 16. Bb7 Qc7 17. Rxc8 Rxc8 18. Bxc8 Qxc8 19. Qd3 Qb8 20. c3 Be5 21. Rb1 Bxh2+ 22.
Kh1 Qd6 23. Qxd6 Bxd6 24. Rb7 a5 25. Ra7 Be5 26. Rxa5 Bxc3 27. Rxc5 Bd4 28. Rc8+ Kg7 29. a4 Bxf2 30. a5 e5 31. a6 e4 32. g3 Kf6 33. Kg2 Bd4 34. Rc4 Bb6 35. Rxe4 Kf5 36. Rc4 f6 37. Rc6 Bd4 38. Rc7 h5 39. a7 Bxa7 40.
Rxa7 Kg4 41. Ra4+ Kg5 42. Kf3 Kf5 43. Ra5+ Ke6 44. Ke4 Kf7 45. Ra6 Kg7 46. Kf4 Kf7 47.
g4 hxg4 48. Kxg4 Kg7 49. Rc6 Kf7 50. Kf4 Kg7 51. Ke4 Kf7 52. Ra6 Kg7 53. Kd5 Kh6 54.
Ke6 Kg5 55. Ra8 f5 56. Rg8 f4 57. Ke5 f3 58. Ke4 f2 59. Rf8 Kg4 60. Rxf2 Kh3 61. Rf6 g5 62. Kf5 g4 63. Rh6+ Kg3 64. Rg6 1-0

[Event "*** Titled Tuesday Blitz"]
[Site "Chess.com"]
[Date "2020.04.07"]
[Round "5"]
[White "Fandorine"]
[Black "Batica1984"]
[Result "1-0"]
[WhiteElo "2981"]
[BlackElo "2841"]
[TimeControl "180+1"]
[EndTime "13:57:44 PDT"]
[Termination "Fandorine won by resignation"]

1. e4 c5 2. Nf3 e6 3. g3 Nc6 4.
Bg2 Nf6 5. Qe2 e5 6. O-O Be7 7. Nc3 O-O 8. Nd5 d6 9. c3 Re8 10. d3 h6 11. a4 Bf8 12. Nd2 Nxd5 13. exd5 Ne7 14. a5 g6 15. Nc4 Bg7 16. Qc2 Nf5 17. Bd2 h5 18. Rfb1 h4 19. b4 cxb4 20. Rxb4 Rb8 21.
a6 Qc7 22. axb7 Rxb7 23. Rxb7 Bxb7 24. Rxa7 Ra8 25. Rxa8+ Bxa8 26. Qa4 Qb8 27. Qb4 Qa7 28.
Qa5 Qb8 29. Qb6 Qf8 30. g4 h3 31. gxf5 hxg2 32. Qxd6 Qxd6 33. Nxd6 Bxd5 34. c4 Bf3 35. fxg6 fxg6 36. c5 Kf8 37. Ne4 Ke7 38. c6 Bxe4 39. dxe4 Kd6 40. Kxg2 Kxc6 41. Kf3 Kd6 42. Kg4 Ke6 43.
Bc3 Bf8 44. h3 Bc5 45. Kg5 Kf7 46. f3 Be3+ 47. Kg4 Bf4 48. Be1 Kf6 49. Bh4+ Ke6 50. Bg3 Be3 51. Bh4 Bf4 52. Bg5 Bh2 53. Be3 Kf6 54.
h4 Ke6 55. Kh3 Bf4 56. Bxf4 exf4 57. Kg4 Ke5 58. Kg5 Kd4 59. Kxf4 1-0

[Event "*** Titled Tuesday Blitz"]
[Site "Chess.com"]
[Date "2020.04.07"]
[Round "5"]
[White "elohunter1999"]
[Black "Icewizard1"]
[Result "0-1"]
[WhiteElo "2471"]
[BlackElo "2861"]
[TimeControl "180+1"]
[EndTime "13:57:46 PDT"]
[Termination "Icewizard1 won by resignation"]

1. e4 c5 2. Nf3 d6 3. d4 cxd4 4. Nxd4 Nf6 5. Nc3 g6 6. Be3 Bg7 7. f3 O-O 8. Qd2 Nc6 9. O-O-O d5 10. Kb1 Nxd4 11. e5 Nf5 12. exf6 exf6 13. Bc5 d4 14. Bxf8 Qxf8 15. Nb5 Ne3 16. Re1 f5 17. f4 Qc5 18. c3 Nxf1 19. Re8+ Bf8 20. Qxd4 Qxb5 21. Qd8 Nd2+ 22. Kc2 Qxe8 23. Qxe8 Ne4 24. Rd1 Nf6 25. Qd8 Kg7 26. a3 Bc5 27. Re1 Bb6 28. Qe7 Bd7 29. Rd1 Bc6 30. Rd6 Ng4 31. h3 Re8 32. Qh4 Ne3+ 33.
Kc1 Nc4 34. Qf6+ Kg8 35. Rxc6 bxc6 36. Qxc6 Re1+ 37. Kc2 Re2+ 38. Kd3 Re4 39. b3 Nxa3 40. Qd6 Re3+ 41. Kd2 Nb1+ 42. Kc2 Nxc3 43. g4 Nb5 44. Qb8+ Kg7 45. g5 Nd4+ 46. Kd2 Nxb3+ 47. Kc2 Nd4+ 48. Kd2 Re2+ 49. Kd3 Re4 50. Qd6 Ne2 51. Qf6+ Kg8 52. h4 Nxf4+ 53. Kc2 Re2+ 54. Kb3 Re3+ 55. Kc4 Re6 56.
Qa1 Ne2 57. h5 Nd4 58. h6 f4 59. Qa6 Re8 60. Kd5 f3 61. Qa4 Rf8 62. Qa2 Nf5 63.
Ke4 f2 64. Qb1 Ng3+ 65. Ke5 f1=Q 0-1

[Event "*** Titled Tuesday Blitz"]
[Site "Chess.com"]
[Date "2020.04.07"]
[Round "5"]
[White "Mikhail_Golubev"]
[Black "AllStarShark"]
[Result "1-0"]
[WhiteElo "2516"]
[BlackElo "2330"]
[TimeControl "180+1"]
[EndTime "13:57:46 PDT"]
[Termination "Mikhail_Golubev won by checkmate"]

1. e4 c6 2. d4 d5 3. Nc3 dxe4 4. Nxe4 Nf6 5. Nxf6+ exf6 6. c3 Bd6 7. Bd3 O-O 8. Ne2 Re8 9. Qc2 h5 10. Be3 Nd7 11. O-O-O Nf8 12. Kb1 Be6 13. c4 b5 14.
d5 cxd5 15. cxd5 Bd7 16. Nd4 Rc8 17. Nc6 Bxc6 18. dxc6 a6 19. Rc1 Qc7 20. Rhd1 Ne6 21. Bh7+ Kh8 22. Qf5 Nf8 23. Qd5 Be5 24. Bf5 Rcd8 25.
Bd7 Re7 26. Bc5 Rdxd7 27. cxd7 Rxd7 28. Qf3 Rxd1 29. Qxh5+ Kg8 30. Qxd1 Ne6 31. Bd4 Qb7 32. Bxe5 fxe5 33. Qd3 e4 34. Qd6 e3 35. fxe3 Qxg2 36.
Qxa6 Qe4+ 37. Ka1 Qxe3 38. Qc8+ Kh7 39. Qc2+ g6 40. Rf1 Kg8 41. Qc8+ Nf8 42. Qc2 Qh3 43.
Qf2 Qe6 44. Qf6 Qxf6 45. Rxf6 Ne6 46. a3 Kg7 47. Rf3 Nd4 48. Rd3 Nb3+ 49. Rxb3 Kf6 50.
Rxb5 g5 51. a4 g4 52. a5 Kg6 53. a6 f5 54. a7 f4 55. a8=Q f3 56. Qg8+ Kf6 57.
Qxg4 f2 58. Qf3+ Ke6 59. Qxf2 Kd6 60. Qc5+ Kd7 61. Rb6 Kd8 62. Qc6 Ke7 63. Rb7+ Kd8 64. Qc7+ Ke8 65. Qc8# 1-0

[Event "*** Titled Tuesday Blitz"]
[Site "Chess.com"]
[Date "2020.04.07"]
[Round "5"]
[White "HarutyunianTigranK"]
[Black "TwentyHoursADay"]
[Result "1/2-1/2"]
[WhiteElo "2699"]
[BlackElo "2516"]
[TimeControl "180+1"]
[EndTime "13:57:47 PDT"]
[Termination "Game drawn by repetition"]

1. c4 e5 2. Nc3 Nc6 3. Nf3 Nf6 4. e4 Bb4 5. d3 d6 6. a3 Bxc3+ 7. bxc3 h6 8. g3 O-O 9. Bg2 Nd7 10. O-O Nc5 11. Nh4 a6 12. d4 Nd7 13. f4 b5 14. Nf5 Kh7 15. fxe5 dxe5 16. d5 Ne7 17. Qh5 Nf6 18. Qe2 Nxf5 19. exf5 e4 20. Bf4 bxc4 21. Qxc4 Qxd5 22. Qxd5 Nxd5 23. Bxe4 c6 24. f6+ g6 25. c4 Nxf4 26. Rxf4 Be6 27. Bxc6 Rac8 28. Bd5 Bxd5 29.
cxd5 Rfd8 30. Rd1 g5 31. Rf3 Rd6 32. h4 Kg6 33. Kg2 Rcd8 34. hxg5 hxg5 35. Rfd3 Kxf6 36. g4 Ke5 37. Re1+ Kf6 38. Rf3+ Kg6 39. Re7 R8d7 40.
Rfxf7 Rxe7 41. Rxe7 Kf6 42. Ra7 Ke5 43. Rg7 Kf4 44.
Kf2 Rxd5 45. Rf7+ Kxg4 46. Ke3 Ra5 47. Ke4 Rxa3 48. Rg7 a5 49. Ke5 Kh4 50. Kf5 Rf3+ 51. Ke4 g4 52. Ra7 Ra3 53. Kf4 Ra4+ 54. Ke3 Kh3 55. Kf2 Rf4+ 56. Ke3 Rf5 57. Ke4 Rg5 58.
Kf4 Rg8 59. Rh7+ Kg2 60. Ra7 g3 61. Rxa5 Kh2 62. Rh5+ Kg1 63. Kf3 g2 64. Ra5 Rf8+ 65.
Kg3 Rg8+ 66. Kf3 Kh1 67. Rh5+ Kg1 68. Ra5 1/2-1/2

[Event "*** Titled Tuesday Blitz"]
[Site "Chess.com"]
[Date "2020.04.07"]
[Round "5"]
[White "imdvb6307"]
[Black "aloe_normansen"]
[Result "1/2-1/2"]
[WhiteElo "2390"]
[BlackElo "2186"]
[TimeControl "180+1"]
[EndTime "13:57:48 PDT"]
[Termination "Game drawn by agreement"]

1. c4 Nf6 2. Nc3 g6 3. Nf3 Bg7 4. d4 d6 5. e4 O-O 6. Be2 e5 7.
O-O Nc6 8. d5 Ne7 9. Ne1 Ne8 10.
f3 f5 11. g4 Kh8 12. Be3 Ng8 13.
Nd3 h5 14. gxf5 gxf5 15. exf5 Bxf5 16. Ne4 Bxe4 17. fxe4 Qh4 18. Rxf8 Bxf8 19. Nf2 Nef6 20. Bf3 Nh6 21. Qd2 Nhg4 22. Nxg4 Nxg4 23. Bg5 Qh3 24. Rf1 Bg7 25. Qg2 Qxg2+ 26. Kxg2 Rf8 27. h3 Nf6 28.
Bxf6 Rxf6 29. Bxh5 Rxf1 30. Kxf1 Kg8 31. Ke2 Kf8 32.
Kf3 Ke7 33. Kg4 Kf6 34. Be8 Bh6 35. Kh5 Bc1 36. b3 Kg7 37. b4 Bd2 38. a3 Bc1 39. a4 Bd2 40. c5 b6 41. cxd6 cxd6 42. b5 Be3 43. Kg4 Kf6 44. h4 Bd2 45. h5 Be3 46. Bd7 Bd2 47. Bf5 Bc1 48. Kf3 Bd2 49. Ke2 Bf4 50. Kd3 Bc1 51. Kc3 Be3 52. Kb3 Kg5 53. Bg6 Bf4 54. a5 Be3 55. axb6 axb6 56. Kc4 Kf6 57.
Kd3 Bf4 58. Bf5 Bg5 59. Ke2 Bf4 60. Kf3 Bg5 61. h6 Bxh6 62. Kg4 Be3 63. Kh5 Bd2 64. Kg4 1/2-1/2

[Event "*** Titled Tuesday Blitz"]
[Site "Chess.com"]
[Date "2020.04.07"]
[Round "5"]
[White "Shield12"]
[Black "FelixBlohberger"]
[Result "1-0"]
[WhiteElo "2925"]
[BlackElo "2599"]
[TimeControl "180+1"]
[EndTime "13:57:54 PDT"]
[Termination "Shield12 won on time"]

1. e4 c5 2. Nf3 d6 3. d4 cxd4 4. Nxd4 Nf6 5. Nc3 a6 6. h3 e6 7.
g4 Nfd7 8. g5 b5 9. a3 Bb7 10.
Be3 Nc6 11. h4 Rc8 12. Be2 Be7 13. Rg1 Nce5 14. Qd2 Nc4 15. Bxc4 Rxc4 16. O-O-O Rc8 17. h5 g6 18. Rh1 Rg8 19. hxg6 hxg6 20. Nde2 Ne5 21.
Bf4 Nc4 22. Qd3 Bxg5 23. Bxg5 Qxg5+ 24. Kb1 Qc5 25. f4 Qe3 26. Qxe3 Nxe3 27. Rxd6 Nc4 28.
Rd4 Ke7 29. Rhd1 Rgd8 30. e5 g5 31. b3 Ne3 32. Rxd8 Rxd8 33. Rxd8 Kxd8 34. fxg5 Ng4 35. Nf4 Nxe5 36. Kc1 Ke7 37. Nce2 Be4 38. Nd4 Ng6 39. Nxg6+ fxg6 40. Kd2 e5 41. Ke3 Bd5 42. Nf3 Ke6 43. Nh4 Kf7 44. Kd3 Bc6 45. c4 Bb7 46. c5 Bd5 47. b4 Kg7 48. Kd2 Kf7 49. Ke3 Bc6 50. Kd3 Bd5 51. Ke2 Bc6 52. Kf2 Bd5 53. Kg3 Bc6 54.
Kg4 Bd5 55. Nf3 Ke6 56. Nd2 Bc6 57. Nf1 Bh1 58. Ne3 Be4 59. Kg3 Bd3 60. Kf3 Bb1 61. Ng4 Bf5 62. Nf6 Ke7 63. Nd5+ Kd7 64. Ke3 Bb1 65.
Nc3 Bc2 66. Kd2 Bf5 67. Nd5 Be6 68. Nf6+ 1-0

[Event "*** Titled Tuesday Blitz"]
[Site "Chess.com"]
[Date "2020.04.07"]
[Round "5"]
[White "violetflower04"]
[Black "fidezivkovic"]
[Result "1-0"]
[WhiteElo "2220"]
[BlackElo "2338"]
[TimeControl "180+1"]
[EndTime "13:57:54 PDT"]
[Termination "violetflower04 won by resignation"]

1. b3 d5 2. Bb2 Nf6 3. e3 Bf5 4. Nf3 Nbd7 5. Nh4 Bg4 6. Qc1 e6 7. c4 c6 8. h3 Bh5 9. g4 Bg6 10.
Nxg6 hxg6 11. Bg2 Nc5 12. Qc2 dxc4 13. bxc4 Nd3+ 14. Ke2 Nxb2 15. Qxb2 Be7 16. Qxb7 O-O 17. Qxc6 Rc8 18. Qa4 Qb6 19. Nc3 Rfd8 20. Rab1 Qd6 21. d4 e5 22. Rhd1 exd4 23. Rxd4 Qh2 24. Kf1 Rxd4 25. exd4 Qf4 26. Rd1 Bf8 27. Nd5 Nxd5 28. Bxd5 Rb8 29. Qc2 Be7 30. Rd3 Bf6 31. Qd2 Rb1+ 32.
Kg2 Qd6 33. Rb3 Ra1 34. Rb7 Qa6 35. Rxf7 Kh7 36. c5 Qa4 37. Bb3 Qxd4 38. Qxd4 Bxd4 39.
c6 Rc1 40. c7 Bb6 41. Bd5 Bxc7 42. a4 Bb6 43. Kg3 g5 44. Be4+ Kh6 45. Rf8 g6 46. Rf6 Rc4 47. Rxg6+ Kh7 48. Re6+ Kg7 49. Bc6 Rf4 50. f3 Rb4 51. Bb5 Rb2 52. Rc6 Bf2+ 53.
Kg2 Bh4+ 54. Kh1 Bf2 55. Bd3 Rd2 56. Be4 Kf7 57. Kg2 Be3+ 58. Kf1 Bf4 59. Rc5 Ra2 60.
Ra5 Be3 61. Bd5+ Ke7 62. Bxa2 Bb6 63. Rf5 Kd6 64. a5 Be3 65. Ke2 Bd4 66. Rxg5 Bg1 67. Rf5 Kc6 68. Kd3 Kd6 69. Bc4 Kc6 70. h4 Kd6 71. h5 1-0

[Event "*** Titled Tuesday Blitz"]
[Site "Chess.com"]
[Date "2020.04.07"]
[Round "5"]
[White "kleopl"]
[Black "Flawless_Fighter"]
[Result "0-1"]
[WhiteElo "2395"]
[BlackElo "2568"]
[TimeControl "180+1"]
[EndTime "13:57:56 PDT"]
[Termination "Flawless_Fighter won by checkmate"]

1. c4 Nf6 2. Nc3 e6 3. e4 d5 4.
e5 d4 5. exf6 dxc3 6. bxc3 Qxf6 7.
Nf3 b6 8. Be2 Bb7 9. O-O Nd7 10.
d4 h6 11. Re1 Be7 12. Be3 O-O 13. Qd2 Rfd8 14. Rab1 c5 15. Qc2 Rac8 16. a4 cxd4 17. cxd4 e5 18. a5 Bxf3 19. Bxf3 exd4 20. Bxd4 Qxd4 21.
Rxe7 Ne5 22. Rxa7 Nxf3+ 23. gxf3 Rxc4 24. Qf5 bxa5 25. Qxf7+ Kh8 26. Rxa5 Rc2 27. Rf1 Rd2 28. Ra7 Rb2 29. Re7 Rd2 30. Kg2 Qb2 31. Kg3 Qb8+ 32. f4 Qb2 33. f5 Qc3+ 34. Kg2 Qc6+ 35. Kg1 Rg8 36. f6 gxf6+ 37. Qxg8+ Kxg8 38. Ra1 Qf3 39. Rf1 Rd1 40. Re3 Rxf1+ 41. Kxf1 Qh1+ 42. Ke2 Qxh2 43. Rg3+ Kf7 44. Kf3 h5 45. Ke2 Qh1 46. Ra3 Qe4+ 47. Re3 Qd5 48. Kf1 h4 49. Kg1 Kg6 50. Kh2 Qd6+ 51.
Kh3 Qf4 52. Kg2 Qg4+ 53. Kh2 Kf7 54. Rh3 Qf4+ 55. Kg2 Qg4+ 56. Kh2 Qd4 57. Re3 f5 58. Kh3 Qg4+ 59. Kh2 Kf6 60. Ra3 f4 61. Ra6+ Ke5 62. Ra4 Kd5 63. Rb4 Kc5 64. Ra4 Kb5 65. Ra3 f3 66. Rd3 Qg2# 0-1